Map: Frozen Temple

Players

Major (SpeCial)

  • Race: Terran Terran

HeroMarine - Winner!

  • Race: Terran Terran

Event: 2016 WCS Summer Circuit Championship (DH Montreal)

VOD

Have the link to the VOD?

Description

Time

  • Played on: Aug. 13, 2016, 5:23 p.m.
  • Length: 11:32

All games in this series

Show
View Real Time Build Order
Export as new Build Order

Major Terran 

Build Orders: Bio Tank 

Get SALT Encoding   

  12  0:00  SCV  
  13  0:13  SCV  
  14  0:17  Supply Depot  
  14  0:25  SCV  
  15  0:30  Refinery  
  15  0:39  SCV  
  16  0:45  Barracks  
  16  0:51  SCV  
  17  1:03  SCV  
  18  1:15  SCV  
  19  1:32  Marine, Orbital Command  
  20  1:33  Factory  
  20  1:43  Supply Depot  
  20  1:51  Reaper  
  21  1:58  SCV  
  22  2:10  SCV  
  23  2:17  Hellion  
  23  2:22  SCV  
  26  2:24  Command Center  
  26  2:34  Starport  
  26  2:35  SCV  
  27  2:40  Refinery  
  27  2:44  Barracks Tech Lab  
  27  2:47  SCV  
  27  2:59  SCV  
  27  3:06  Widow Mine  
  27  3:11  SCV  
  29  3:23  SCV  
  30  3:29  Barracks Reactor  
  30  3:35  Banshee, SCV  
  30  3:36  Orbital Command  
  30  3:37  Factory Tech Lab  
  34  3:48  SCV  
  35  3:56  Cyclone  
  35  4:01  SCV x2  
  41  4:03  Command Center  
  41  4:05  Marine  
  41  4:06  Marine  
  41  4:07  Supply Depot  
  43  4:16  SCV  
  44  4:19  SCV  
  44  4:23  Marine  
  46  4:25  Supply Depot  
  46  4:28  Marine, SCV  
  46  4:29  Raven  
  51  4:31  SCV  
  51  4:40  SCV  
  51  4:41  Marine  
  51  4:43  Refinery, SCV  
  54  4:46  Refinery  
  54  4:47  Marine  
  55  4:53  SCV  
  55  4:54  Siege Tank  
  55  4:59  Marine  
  60  5:01  SCV  
  60  5:05  SCV  
  62  5:14  SCV  
  62  5:17  SCV  
  64  5:22  Orbital Command  
  64  5:27  Marine  
  64  5:28  Viking x2  
  69  5:30  Siege Tank, SCV x2  
  69  5:34  Supply Depot  
  74  5:42  SCV x2  
  76  5:45  Marine  
  77  5:50  Barracks  
  77  5:52  Barracks  
  77  5:56  SCV x3  
  80  5:58  Supply Depot  
  80  5:59  Viking  
  80  6:03  Viking  
  82  6:06  Marine  
  82  6:08  SCV x2  
  85  6:13  Supply Depot  
  85  6:20  Siege Tank, SCV  
  85  6:23  SCV x2  
  85  6:24  Marine  
  92  6:26  Supply Depot  
  92  6:28  Stimpack  
  92  6:32  SCV  
  93  6:39  Viking x2  
  97  6:40  SCV x2  
  97  6:43  Barracks Reactor x2  
  99  6:54  Siege Tank  
  98  6:55  SCV  
  98  6:56  SCV x2  
  98  6:57  Engineering Bay  
  98  6:58  Engineering Bay  
  98  7:00  Marine  
  102  7:08  SCV x3  
  105  7:09  Medivac x2  
  109  7:22  Supply Depot  
  109  7:24  Barracks  
  109  7:25  Barracks  
  109  7:28  Supply Depot, Terran Infantry Weapons Level 1  
  109  7:31  Terran Infantry Armor Level 1  
  109  7:33  SCV  
  109  7:43  Marine x3, Siege Tank, SCV x2  
  117  7:47  Refinery  
  117  7:49  Refinery  
  117  7:50  Marine x2, SCV  
  120  7:51  Supply Depot  
  120  7:53  Supply Depot  
  120  7:55  SCV  
  120  7:56  SCV  
  122  8:01  Marine x3  
  122  8:03  SCV  
  124  8:07  Supply Depot  
  124  8:08  SCV  
  125  8:13  Marine x2  
  125  8:15  Siege Tank  
  125  8:19  Barracks Reactor x2, Marine x3  
  133  8:26  SCV x3  
  136  8:28  Medivac x2  
  136  8:29  Factory  
  136  8:31  Marine x2  
  142  8:35  Supply Depot  
  142  8:36  Supply Depot  
  142  8:37  Marine x3  
  142  8:38  Armory  
  145  8:48  Marine x2, Siege Tank  
  146  8:54  Marine x3  
  146  8:55  Marine  
  141  8:57  Marine x2  
  141  8:58  Medivac x2  
  141  8:59  Marine  
  141  9:01  Combat Shields  
  144  9:06  Marine x2  
  146  9:12  Supply Depot x2, Marine x4  
  146  9:15  Marine x2  
  152  9:17  Factory Tech Lab, Marine  
  152  9:20  Siege Tank  
  156  9:24  Marine x2  
  156  9:26  Missile Turret  
  156  9:27  Command Center  
  156  9:30  Marine x4  
  162  9:31  Medivac  
  161  9:39  Medivac, Marine x2  
  161  9:42  Marine  
  161  9:43  Marine x2  
  165  9:48  Marine x4, Siege Tank  
  172  9:57  Marine x2  
  173  10:00  Marine x2  
  173  10:01  Marine  
  173  10:06  Marine x4  
  147  10:15  Marine x2  
  147  10:16  Medivac  
  147  10:17  Medivac, Marine  
  147  10:18  Marine  
  147  10:19  Marine  
  143  10:21  Siege Tank x2  
  143  10:23  Marine x2  
  143  10:26  Marine x2  
  153  10:33  Marine x2  
  153  10:35  Marine  
  155  10:36  Marine  
  155  10:37  Marine  
  155  10:41  Marine x2  
  158  10:44  Marine x2  
  158  10:46  Medivac  
  158  10:47  Medivac  
  157  10:51  Marine x2  
  157  10:53  Marine  
  157  10:54  Marine, Siege Tank  
  157  10:55  Marine  
  146  10:59  Marine x2  
  146  11:01  Marine  
  146  11:02  Marine  
  148  11:08  Marine  
  148  11:11  Marine  
Show
View Real Time Build Order
Export as new Build Order

HeroMarine Terran - Winner!

Build Orders: Reaper Expand, Bio Tank 

Get SALT Encoding   

  12  0:00  SCV  
  13  0:12  SCV  
  14  0:17  Supply Depot  
  14  0:25  SCV  
  15  0:29  Refinery  
  15  0:39  SCV  
  16  0:44  Barracks  
  16  0:51  SCV  
  17  1:03  SCV  
  18  1:15  SCV  
  19  1:31  Reaper, Orbital Command  
  20  1:46  Command Center  
  20  1:58  Factory  
  20  1:59  SCV  
  21  2:06  Barracks Reactor  
  21  2:10  Supply Depot  
  21  2:12  SCV  
  22  2:18  Refinery  
  22  2:24  SCV  
  23  2:36  SCV  
  24  2:42  Hellion  
  24  2:43  Starport, Marine  
  27  2:45  Marine  
  27  2:49  SCV  
  28  3:01  Marine, SCV  
  28  3:02  Marine  
  28  3:13  SCV  
  28  3:14  Factory Tech Lab  
  28  3:19  Marine, Orbital Command  
  30  3:20  Marine  
  31  3:27  Viking  
  34  3:35  Cyclone  
  34  3:37  SCV  
  34  3:39  Marine  
  39  3:42  Marine  
  39  3:45  SCV  
  41  3:49  SCV  
  41  3:50  Supply Depot  
  42  3:58  SCV  
  42  4:00  Marine x2  
  42  4:01  SCV  
  46  4:07  Engineering Bay  
  46  4:12  SCV  
  46  4:13  SCV  
  48  4:18  Viking  
  48  4:19  Siege Tank  
  48  4:24  Supply Depot  
  53  4:29  Supply Depot  
  53  4:33  SCV  
  53  4:37  SCV  
  51  4:48  Command Center, SCV  
  51  4:49  SCV  
  51  4:52  Marine  
  53  4:55  Missile Turret  
  52  5:01  SCV x2  
  52  5:05  Missile Turret  
  54  5:11  Siege Tank  
  54  5:13  SCV  
  54  5:14  SCV  
  59  5:25  Barracks Tech Lab, SCV  
  59  5:26  SCV  
  61  5:29  Viking  
  61  5:30  Viking  
  65  5:35  Supply Depot  
  65  5:37  SCV  
  65  5:38  SCV  
  67  5:44  Marine  
  68  5:50  Refinery x2  
  68  5:53  SCV x2  
  68  5:54  Engineering Bay  
  69  6:00  Stimpack  
  69  6:02  Marine  
  69  6:03  Viking  
  72  6:06  Medivac  
  72  6:08  Orbital Command  
  72  6:10  SCV  
  75  6:13  SCV  
  75  6:17  Siege Tank  
  79  6:20  Marine  
  80  6:30  Barracks, SCV x2  
  80  6:31  Barracks  
  80  6:32  Terran Infantry Weapons Level 1, Orbital Command  
  82  6:36  Terran Infantry Armor Level 1  
  81  6:42  SCV x2  
  81  6:44  Marine  
  85  6:54  SCV x2  
  85  6:55  Siege Tank  
  85  6:59  Barracks  
  85  7:00  Supply Depot  
  89  7:02  Barracks, SCV  
  89  7:03  Starport Reactor  
  89  7:06  SCV  
  89  7:07  SCV  
  92  7:09  Marine  
  93  7:20  Supply Depot x2, Barracks Reactor x2  
  93  7:22  SCV x2  
  95  7:24  SCV  
  95  7:27  Marine  
  95  7:28  Refinery  
  95  7:29  Refinery  
  94  7:34  Siege Tank, SCV x2  
  94  7:37  SCV  
  100  7:42  Medivac x2  
  104  7:44  Armory  
  104  7:45  Marine  
  104  7:46  SCV x2  
  104  7:48  Marine x2  
  104  7:49  Barracks Reactor, SCV  
  110  7:56  Marine  
  110  7:58  SCV x2  
  110  8:02  Marine  
  110  8:03  Combat Shields, Marine  
  110  8:05  Marine x2  
  114  8:13  Viking  
  114  8:18  Viking  
  114  8:19  Factory  
  118  8:20  Marine x3  
  118  8:21  Supply Depot  
  118  8:22  Supply Depot x2  
  118  8:23  Supply Depot, Marine  
  118  8:25  Siege Tank  
  125  8:33  Supply Depot, Terran Infantry Weapons Level 2  
  125  8:35  Terran Infantry Armor Level 2  
  125  8:41  Marine x2  
  125  8:42  Marine x6  
  131  8:48  Marine  
  121  8:58  Marine x2  
  121  9:00  Marine x6  
  129  9:03  Siege Tank  
  129  9:06  Marine  
  133  9:10  Terran Vehicle Weapons Level 1  
  133  9:11  Medivac x2  
  133  9:16  Marine x2  
  139  9:18  Marine x6  
  139  9:23  Factory Tech Lab  
  145  9:24  Marine  
  146  9:34  Marine x2  
  146  9:36  Marine x5, Siege Tank  
  155  9:41  Medivac  
  155  9:43  Siege Tank  
  159  9:46  Marine x2  
  159  9:52  Marine x2  
  163  9:56  Marine x2  
  163  9:59  Marine x2  
  164  10:02  Marine  
  164  10:04  Marine  
  164  10:06  Sensor Tower  
  162  10:07  Command Center  
  162  10:08  Siege Tank  
  162  10:13  Marine  
  165  10:14  Marine  
  165  10:30  Marine x6  
  165  10:31  Supply Depot x2  
  165  10:32  Supply Depot  
  171  10:37  Supply Depot, Barracks  
  171  10:38  Barracks  
  171  10:40  Barracks  
  171  10:42  Marine x2  
  172  10:46  Siege Tank  
  172  10:48  Siege Tank  
  165  10:50  Medivac, Marine  
  165  10:51  Marine x2  
  165  10:56  Marine x4  
  159  11:00  Marine x2  
  146  11:08  Marine x2  
  146  11:11  Marine  
Tags
 
Add a new tag
Caveats
  • Supply blocks, unpowered buildings, or Contaminate may cause inaccurate times.
  • Supply counts are checked every 10 seconds.